 Dungeon Sprint DCSS version 0.20.1-1-g8b1a95d (webtiles) character file.

22423 potatolord6000 the Severer (level 13, -30/136 HPs)
             Began as a Hill Orc Monk on Sept 7, 2017.
             Was the Champion of Beogh.
             Killed from afar by Aizul (33 damage)
             ... with a poison arrow
             ... in the Dungeon (Sprint VII: "The Pits").
             The game lasted 00:19:13 (4046 turns).

potatolord6000 the Severer (Hill Orc Monk)          Turns: 4046, Time: 00:19:14

Health: -30/136    AC: 29    Str: 19    XL:     13   Next: 0%
Magic:  2/26       EV:  8    Int: 10    God:    Beogh [******]
Gold:   40         SH:  0    Dex: 16    Spells: 12/12 levels left

rFire    . . .     SeeInvis .   r - +3 broad axe (chop)
rCold    . . .     Gourm    .   (no shield)
rNeg     . . .     Faith    .   t - +3 plate armour
rPois    .         Spirit   .   s - +0 helmet
rElec    .         Reflect  .   w - +0 cloak (curse)
rCorr    .         Harm     .   b - +0 pair of gloves
MR       .....     NoTele   +   (no boots)
Stlth    ..........             (no amulet)
Regen    0.4/turn               j - +3 ring of dexterity
MPRegen  0.2/turn               q - +3 ring of protection

@: lethally poisoned (-30 -> -54), very slightly contaminated, invisible
A: walk on water
a: Smiting, Recall Orcish Followers, Give Item to Named Follower, Resurrection,
Renounce Religion


You were in the Dungeon.
You worshipped Beogh.
Beogh was exalted by your worship.
You were not hungry.

You visited 1 branch You collected 40 gold pieces.

Inventory:

Hand Weapons
 p - a +5 glaive of distortion
 r - a +3 broad axe of chopping (weapon)
Armour
 b - a +0 pair of gloves (worn)
 s - a +0 helmet (worn)
 t - a +3 plate armour (worn)
 w - a cursed +0 cloak (worn)
Jewellery
 j - a +3 ring of dexterity (left hand)
 q - a +3 ring of protection (right hand)
Scrolls
 i - 3 scrolls of blinking
 k - 4 scrolls of remove curse
 l - 5 scrolls of amnesia
 m - a scroll of summoning
 u - a scroll of fear
 v - 2 scrolls of recharging
 x - a scroll of identify
Potions
 a - a potion of invisibility
 d - 10 potions of curing
 f - a potion of haste
 g - a potion of magic
 h - 5 potions of berserk rage
 z - a potion of brilliance
Comestibles
 c - 10 bread rations
 n - 40 fruits
 o - 7 meat rations


   Skills:
 + Level 18.9 Fighting
 + Level 20.4 Axes
 + Level 17.3 Armour
 - Level 2.4 Dodging
 - Level 1.5 Stealth
 + Level 19.9 Invocations


You had 12 spell levels left.
You didn't know any spells.

Dungeon Overview and Level Annotations

Branches:
Dungeon (1/1)

Altars:
Ashenzari
Cheibriados
Dithmenos
Elyvilon
Fedhas
Gozag
Hepliaklqana
Kikubaaqudgha
Makhleb
Nemelex Xobeh
Okawaru
Qazlal
Ru
Sif Muna
Trog
Uskayaw
Vehumet
Xom
Yredelemnul
Zin
The Shining One
Beogh
Jiyva
Lugonu

Annotations:
D Aizul


Message History

* * * LOW HITPOINT WARNING * * *
You hear a shout!
You closely miss Aizul.
You catch the helpless iron troll completely off-guard!
You slash the iron troll!
You feel sick. Aizul hits you but does no damage.
Unknown command.
You closely miss Aizul.
You hit the iron troll but do no damage.
You feel sick.
Blork the orc no longer looks unusually strong.
The iron troll bites you.
* * * LOW HITPOINT WARNING * * *
The iron troll claws you!
* * * LOW HITPOINT WARNING * * *
The iron troll claws you.
* * * LOW HITPOINT WARNING * * *
Aizul casts a spell at you. The poison arrow hits you!
You are more poisoned.
You die...

#....... #........
+..#....# +........
#........
################..#....#
......o.......''........
......oo......''........
#######@####..##..#....#
#T#S# #..##........ #E#
#W##..##........ #X#
#5#..####''#### #r#
##..####''#### #.#
#..##.)....## ##
#..##.#)##.## ##
...##.#|['.## .#
#.'):#.##


You could see Aizul, an iron troll, a large abomination, an air elemental, a
wraith, a porcupine, a quasit, a friendly orc knight, the friendly Blork the orc
and the friendly Borgoth the orc priest.

Vanquished Creatures
  A bone dragon (D)
  A ghost moth (D)
  2 draconian stormcallers (D)
  A black draconian (D)
  A deep elf death mage (D)
  An ice dragon (D)
  A rakshasa (D)
  A spriggan air mage (D)
  An unseen horror (D)
  2 deep trolls (D)
  A lindwurm (D)
  Pikel (D)
  2 wolf spiders (D)
  A cyclops (D)
  2 manticores (D)
  A merfolk siren (D)
  A guardian serpent (D)
  A demonic crawler (D)
  A freezing wraith (D)
  2 trolls (D)
  2 jumping spiders (D)
  A hornet (D)
  2 blink frogs (D)
  A bog body (D)
  3 dream sheep (D)
  2 snapping turtles (D)
  2 flying skulls (D)
  2 wargs (D)
  3 vampire mosquitoes (D)
  A soldier ant (D)
  2 porcupines (D)
  2 black bears (D)
  2 wolves (D)
  A quasit (D)
  An orc priest (D)
  A gnoll shaman (D)
  An adder (D)
  3 gnolls (D)
  A white imp (D)
  An ufetubus (D)
  A worm (D)
  An orc (D)
  A ball python (D)
  A bat (D)
  A bat skeleton (D)
  A giant cockroach (D)
  4 jackals (D)
  3 quokkas (D)
  A ball python zombie (D)
73 creatures vanquished.

Vanquished Creatures (collateral kills)
  Kirke (D)
  A hydra (D)
  An unseen horror (D)
  Psyche (D)
  A kobold demonologist (D)
  An ice devil (D)
  4 dream sheep (D)
  3 blink frogs (D)
  A hornet (D)
  A wraith (D)
  Grum (D)
  A wolf (D)
  A crocodile (D)
  An earth elemental (D)
  An orc wizard (D)
  A gnoll (D)
  2 orcs (D)
  A frilled lizard (D)
  2 crawling corpses (D)
26 creatures vanquished.

Vanquished Creatures (others)
  An orc high priest (D)
  An orc sorcerer (D)
  An orc knight (D)
  3 orc warriors (D)
  3 humans (D)
  2 slaves (D)
  4 orc priests (D)
  2 orcs (D)
  A quokka (D)
  A bat simulacrum (D)
19 creatures vanquished.

Grand Total: 118 creatures vanquished

Notes
Turn   | Place    | Note
-------+----------+-------------------------------------------
     0 | D        | potatolord6000 the Hill Orc Monk began the quest for the Orb.
     0 | D        | Reached XP level 1. HP: 19/19 MP: 1/1
    19 | D        | Reached skill level 1 in Armour
    52 | D        | Found a bloodstained altar of Trog.
    52 | D        | Found a deep blue altar of Sif Muna.
    52 | D        | Found a viscous altar of Jiyva.
    52 | D        | Found a hazy altar of Hepliaklqana.
    52 | D        | Found an opulent altar of Gozag.
    53 | D        | Found a glowing golden altar of the Shining One.
    53 | D        | Found a glowing silver altar of Zin.
    53 | D        | Found a basalt altar of Yredelemnul.
    53 | D        | Found a shimmering altar of Xom.
    53 | D        | Found a sacrificial altar of Ru.
    53 | D        | Found a stormy altar of Qazlal.
    53 | D        | Found an iron altar of Okawaru.
    53 | D        | Found a sparkling altar of Nemelex Xobeh.
    53 | D        | Found a burning altar of Makhleb.
    53 | D        | Found a blossoming altar of Fedhas.
    53 | D        | Found a white marble altar of Elyvilon.
    53 | D        | Found a shadowy altar of Dithmenos.
    53 | D        | Found a snail-covered altar of Cheibriados.
    55 | D        | Found a radiant altar of Vehumet.
    55 | D        | Found a corrupted altar of Lugonu.
    55 | D        | Found a roughly hewn altar of Beogh.
    57 | D        | Found an ancient bone altar of Kikubaaqudgha.
    57 | D        | Found a hide-covered altar of Uskayaw.
    57 | D        | Found a shattered altar of Ashenzari.
    67 | D        | Became a worshipper of Beogh the Brigand
    67 | D        | Reached * piety under Beogh
    67 | D        | Reached ** piety under Beogh
    93 | D        | Reached *** piety under Beogh
    93 | D        | Reached skill level 1 in Invocations
    93 | D        | Reached XP level 2. HP: 21/27 MP: 2/2
   164 | D        | Reached skill level 5 in Axes
   184 | D        | Noticed a slave
   184 | D        | Noticed a slave
   185 | D        | Noticed Pikel
   185 | D        | Noticed a slave
   185 | D        | Noticed a slave
   190 | D        | Killed Pikel
   190 | D        | Reached skill level 10 in Axes
   190 | D        | Reached XP level 3. HP: 14/44 MP: 3/9
   190 | D        | Reached XP level 4. HP: 17/50 MP: 3/10
   190 | D        | Reached XP level 5. HP: 19/57 MP: 3/11
   190 | D        | Reached XP level 6. HP: 21/64 MP: 3/12
   190 | D        | Reached XP level 7. HP: 23/70 MP: 3/13
   471 | D        | Reached **** piety under Beogh
   481 | D        | Reached ***** piety under Beogh
   481 | D        | Reached skill level 10 in Fighting
   485 | D        | Reached skill level 11 in Axes
   485 | D        | Reached skill level 10 in Invocations
   733 | D        | Noticed a deep troll
   735 | D        | Killed a deep troll
   735 | D        | Reached skill level 12 in Axes
   735 | D        | Reached skill level 10 in Armour
   735 | D        | Reached XP level 8. HP: 73/82 MP: 11/16
   899 | D        | Noticed a freezing wraith
   899 | D        | Noticed a merfolk siren
   902 | D        | Killed a freezing wraith
   913 | D        | Gained Borgoth as an ally
   913 | D        | Reached skill level 13 in Axes
   913 | D        | Reached XP level 9. HP: 53/90 MP: 11/18
   920 | D        | Killed a merfolk siren
  1280 | D        | Reached ****** piety under Beogh
  1635 | D        | Noticed a manticore
  1641 | D        | Killed a manticore
  1641 | D        | Reached skill level 14 in Axes
  1645 | D        | Killed an unseen horror
  1654 | D        | Reached XP level 10. HP: 56/101 MP: 8/20
  1930 | D        | Reached skill level 15 in Axes
  1942 | D        | Noticed Psyche
  1947 | D        | Killed Psyche
  1951 | D        | Noticed a cyclops
  1955 | D        | Killed a cyclops
  2106 | D        | Reached skill level 15 in Invocations
  2367 | D        | Reached skill level 16 in Axes
  2374 | D        | Noticed a lindwurm
  2374 | D        | Noticed Kirke
  2375 | D        | Noticed a lindwurm
  2376 | D        | Reached skill level 15 in Fighting
  2384 | D        | Noticed a sphinx
  2388 | D        | Killed Kirke
  2388 | D        | Reached XP level 11. HP: 26/113 MP: 21/23
  2692 | D        | Noticed Blork the orc
  2706 | D        | Noticed a deep troll
  2706 | D        | Noticed an eight-headed hydra
  2708 | D        | Noticed a rakshasa
  2712 | D        | Killed an eight-headed hydra
  2712 | D        | Gained Boghold as an ally
  2712 | D        | Reached skill level 17 in Axes
  2717 | D        | Killed a deep troll
  2729 | D        | Killed a rakshasa
  2734 | D        | Reached skill level 15 in Armour
  2747 | D        | Killed an unseen horror
  2747 | D        | Reached skill level 18 in Axes
  3151 | D        | Noticed a lindwurm
  3155 | D        | Killed a lindwurm
  3164 | D        | Noticed Grum
  3169 | D        | Noticed a manticore
  3171 | D        | Killed a manticore
  3172 | D        | Killed Grum
  3383 | D        | Noticed a spriggan air mage
  3385 | D        | Killed a spriggan air mage
  3385 | D        | Reached XP level 12. HP: 105/125 MP: 20/24
  3552 | D        | Noticed a bone dragon
  3552 | D        | Noticed a black draconian stormcaller
  3552 | D        | Noticed a black draconian
  3552 | D        | Noticed an ice dragon
  3552 | D        | Noticed a green draconian stormcaller
  3552 | D        | Noticed a deep elf death mage
  3560 | D        | Killed a black draconian stormcaller
  3572 | D        | Killed a black draconian
  3578 | D        | Your ally Boghold died
  3584 | D        | Reached skill level 19 in Axes
  3586 | D        | Killed a ghostly black draconian
  3590 | D        | Killed a deep elf death mage
  3600 | D        | Killed a bone dragon
  3601 | D        | Killed an ice dragon
  3601 | D        | Reached skill level 20 in Axes
  3605 | D        | Killed a green draconian stormcaller
  4024 | D        | Noticed Aizul
  4025 | D        | Noticed an orc high priest
  4025 | D        | Noticed an iron troll
  4039 | D        | Killed a ghost moth
  4039 | D        | Reached XP level 13. HP: 62/136 MP: 0/26
  4046 | D        | HP: 6/136 [iron troll (11)]
  4046 | D        | Killed from afar by Aizul

Skill      XL: |  1  2  3  4  5  6  7  8  9 10 11 12 |
---------------+-------------------------------------+-----
Armour         | 2 7 10 12 14 15 17 | 17.3
Fighting       | 4 9 11 12 13 15 17 18 | 18.9
Invocations    | 1 9 11 12 14 16 17 19 | 19.9
Axes           | 10 12 13 14 16 18 20 | 20.4
Dodging        | |  2.4
Stealth        | |  1.5

Action                   |  1- 3 |  4- 6 |  7- 9 | 10-12 | 13-15 || total
-------------------------+-------+-------+-------+-------+-------++-------
Melee: Hand axe          |    15 |       |    54 |       |       ||    69
       Broad axe         |       |       |    11 |   163 |     3 ||   177
       Unarmed           |       |       |       |     2 |       ||     2
Invok: Smiting           |     2 |       |    12 |    30 |       ||    44
       Give Item to Name |       |       |     1 |     1 |       ||     2
       Resurrection      |       |       |       |     2 |       ||     2
  Use: Potion            |     2 |       |       |    18 |     3 ||    23
       Scroll            |       |       |       |     2 |       ||     2
 Stab: Distracted        |       |       |     3 |     2 |       ||     5
       Invisible         |       |       |       |       |     1 ||     1
  Eat: Meat ration       |       |       |     2 |       |       ||     2
Armor: Robe              |     8 |       |       |       |       ||     8
       Chain mail        |       |       |    31 |       |       ||    31
       Plate armour      |       |       |    14 |   186 |     8 ||   208
Dodge: Dodged            |    27 |       |    27 |    91 |     6 ||   151
